AoeStats
← ercoba92

Black Forest

509684298Analyzed
3v3 RM · 5d ago on Sep 27, 2026· 34m 56s· 6 players
Game mode
Random Map
Map size
Normal (6 player)
Population
200
Speed
Normal
Resources
Standard
Victory
Conquest
Starting age
Dark Age
Ending age
Imperial Age
RankedLock teamsTeams togetherTeam positionsShared explorationLock speedFull tech treeHidden civsTurbo modeCheats
Victory
Defeat
🇮🇳 Gurjaras · India
1155
+10
🇺🇸 Britons · United States
989
+16
🇮🇳 Persians · India
949
+19
🇪🇸 Aztecs · Spain
1003
-42
🇪🇸 Vietnamese · Spain
1000
-45
🇪🇸 Portuguese · Spain
1000
-45
Kaimo70
14:19 Feudal Age
16:01 Double-Bit Axe
19:10 Town Watch
20:49 Forging
21:56 Bloodlines
21:41 Horse Collar
22:29 Gold Mining
22:34 Fletching
26:15 Castle Age
24:05 Loom
26:14 Wheelbarrow
26:11 Padded Archer Armor
26:40 Elite Skirmisher
28:33 Bodkin Arrow
28:56 Bow Saw
30:25 Thumb Ring
j.clavero.92
12:34 Feudal Age
18:05 Double-Bit Axe
18:05 Man-at-Arms
22:11 Castle Age
21:03 Arson
23:55 Caravan
24:39 Fletching
25:19 Horse Collar
37:55 Imperial Age
ercoba92
18:48 Feudal Age
24:12 Double-Bit Axe
29:26 Padded Archer Armor
29:28 Scale Mail Armor
29:20 Fletching
Devil
3:38 Loom
12:32 Feudal Age
13:19 Double-Bit Axe
16:12 Castle Age
13:59 Horse Collar
16:18 Wheelbarrow
18:41 Bow Saw
18:49 Heavy Plow
19:28 Stone Mining
19:25 Man-at-Arms
23:51 Hand Cart
25:24 Stone Shaft Mining
24:42 Gold Mining
26:39 Gold Shaft Mining
30:19 Imperial Age
28:06 Scale Barding Armor
29:12 Scale Mail Armor
29:22 Forging
29:34 Chain Barding Armor
30:10 Kshatriyas
30:27 Chain Mail Armor
31:39 Iron Casting
31:26 Conscription
31:43 Crop Rotation
32:36 Bloodlines
32:27 Husbandry
33:29 Plate Mail Armor
33:37 Plate Barding Armor
34:40 Chemistry
34:01 Ballistics
33:23 Treadmill Crane
Achilles333
1:35 Loom
11:51 Feudal Age
16:09 Castle Age
14:26 Double-Bit Axe
14:38 Horse Collar
17:03 Bow Saw
17:17 Heavy Plow
18:52 Stone Mining
22:02 Gold Mining
23:24 Gold Shaft Mining
28:57 Imperial Age
27:06 Wheelbarrow
27:15 Fletching
27:26 Padded Archer Armor
28:32 Bodkin Arrow
29:06 Ballistics
30:08 Conscription
30:57 Bracer
32:00 Chemistry
31:06 Siege Engineers
32:41 Hand Cart
31:51 Elite Longbowman
35:57 Two-Man Saw
35:50 Leather Archer Armor
Luffy Senchou
4:07 Loom
13:55 Feudal Age
17:42 Double-Bit Axe
20:13 Castle Age
23:21 Horse Collar
24:27 Bow Saw
25:41 Kamandaran
28:06 Scale Barding Armor
28:12 Forging
27:53 Fletching
28:49 Wheelbarrow
30:29 Bodkin Arrow
31:10 Iron Casting
30:56 Chain Barding Armor
31:19 Crossbowman
32:07 Thumb Ring
32:47 Bloodlines
32:39 Husbandry
Connection lost

Rejoining the realm…

Still unreachable

The connection could not be restored.

Session expired

The server has moved on; the page needs a fresh start.